 Dungeon Crawl Stone Soup version 0.29-a0-962-gc8bbfd0a37 (webtiles) character file.

Game seed: 12111871248024883615

141325 wingedge the Lord of Darkness (level 18, -9/139 HPs)
             Began as a Meteoran Wanderer on July 30, 2022.
             Was the Champion of Kikubaaqudgha.
             Mangled by a titanic slime creature (38 damage)
             ... on level 3 of the Pits of Slime.
             The game lasted 03:28:19 (13555 turns).

wingedge the Lord of Darkness (Meteoran Wanderer)  Turns: 13555, Time: 03:28:19

Health: -9/139     AC: 20    Str: 16    XL:     18   Next: 21%
Magic:  11/29      EV: 15    Int: 35    God:    Kikubaaqudgha [******]
Gold:   653        SH:  7    Dex: 18    Spells: 1/44 levels left

rFire   + . .      SeeInvis +   U - +2 Maxwell's thermic engine {flame, freeze}
rCold   + + +      Faith    .   b - +0 buckler
rNeg    + + .      Spirit   .   p - +6 scale mail of Azaem {Will+ Str+3 Dex+2}
rPois   +          Reflect  .   u - -2 hat of the Alchemist {rElec rPois rF+ rC+ rN+ Will+ rMut rCorr}
rElec   +          Harm     .   d - +2 cloak {rC+}
rCorr   +          Rampage  .   D - +1 pair of gloves of Moral Flaws {Will- Regen+ Str+2 Int+7}
rMut    +          Rage     3%  m - +0 pair of boots
Will    ++++.                   G - amulet "Woigg" {Fly Regen+}
Stlth   +.........              O - ring of Gontev {rPois rC+ rN+ Will+ SInv}
HPRegen 1.93/turn               r - +6 ring of intelligence
MPRegen 0.21/turn

@: death channelling, engulfed (cannot breathe), flying, slightly contaminated,
glowing, studying Ice Magic, unable to read
A: sense surroundings 3, otherworldly, glowing, explore regen, berserk 1, clumsy
1, frail 1, low MP 2, evolution 1, inability to read while threatened 1,
MP-powered wands
}: 1/15 runes: slimy
a: Renounce Religion, Unearth Wretches, Torment


You were on level 3 of the Pits of Slime.
You worshipped Kikubaaqudgha.
Kikubaaqudgha was exalted by your worship.
You visited 4 branches of the dungeon, and saw 26 of its levels.
You visited 1 bazaar.
You also visited: Sewer and Ice Cave.

You collected 2344 gold pieces.
You spent 1691 gold pieces at shops.

Inventory:

Hand Weapons
 a - a +3 scimitar of draining
 E - the +1 long sword of Peril {elec, rPois Will+ rCorr Str-3}
   (You bought it in a shop on level 2 of the Orcish Mines)

   It occasionally discharges a powerful burst of electricity upon striking a
   foe.
   Str:       It affects your strength (-3).
   rPois:     It protects you from poison.
   rCorr:     It protects you from acid and corrosion.
   Will:      It increases your willpower.
 U - the +2 Maxwell's thermic engine (weapon) {flame, freeze}
   (You found it on level 5 of the Pits of Slime)

   It burns those it strikes, dealing additional fire damage.
   Big, fiery blades are also staple armaments of hydra-hunters.
   It freezes those it strikes, dealing additional cold damage.
   It can also slow down cold-blooded creatures.
   It becomes more effective when it hits something.
   This effect fades over time.
 X - a +4 scimitar of flaming
Missiles
 c - 5 silver javelins
 f - 3 silver boomerangs
Armour
 b - a +0 buckler (worn)
 d - a +2 cloak of cold resistance (worn)
 m - a +0 pair of boots (worn)
 p - the +6 scale mail of Azaem (worn) {Will+ Str+3 Dex+2}
   (You found it on level 5 of the Lair of Beasts)

   Str:       It affects your strength (+3).
   Dex:       It affects your dexterity (+2).
   Will:      It increases your willpower.
 u - the -2 hat of the Alchemist (worn) {rElec rPois rF+ rC+ rN+ Will+ rMut rCorr}
   (You found it on level 5 of the Pits of Slime)

   rF:        It protects you from fire.
   rC:        It protects you from cold.
   rElec:     It insulates you from electricity.
   rPois:     It protects you from poison.
   rN:        It protects you from negative energy.
   rCorr:     It protects you from acid and corrosion.
   rMut:      It protects you from mutation.
   Will:      It increases your willpower.
 w - the +6 chain mail of Xom's Fury {rC++}
   (You found it on level 5 of the Pits of Slime)

   rC:        It greatly protects you from cold.
 D - the +1 pair of gloves of Moral Flaws (worn) {Will- Regen+ Str+2 Int+7}
   (You acquired it on level 11 of the Dungeon)

   Str:       It affects your strength (+2).
   Int:       It affects your intelligence (+7).
   Regen:     It increases your rate of health regeneration.
   Will:      It decreases your willpower.
Magical Staves
 M - a staff of earth
Jewellery
 e - a ring of see invisible
 r - a +6 ring of intelligence (right hand)
 A - a ring of protection from fire
 G - the amulet "Woigg" (around neck) {Fly Regen+}
   (You found it on level 5 of the Pits of Slime)

   [amulet of regeneration]

   Fly:       It grants you flight.
   Regen:     It increases your rate of health regeneration.
 H - a ring of resist corrosion
 L - an amulet of reflection
 N - a +4 ring of protection
 O - the ring of Gontev (left hand) {rPois rC+ rN+ Will+ SInv}
   (You found it on level 5 of the Pits of Slime)

   [ring of protection from cold]

   rC:        It protects you from cold.
   rPois:     It protects you from poison.
   rN:        It protects you from negative energy.
   SInv:      It lets you see invisible.
   Will:      It increases your willpower.
 W - a ring of flight
Wands
 h - a wand of digging (6)
 o - a wand of iceblast (4)
 v - a wand of charming (23)
 I - a wand of flame (7)
 R - a wand of mindburst (6)
 V - a wand of polymorph (4)
Scrolls
 g - 4 scrolls of enchant weapon
 k - 3 scrolls of fog
 l - 4 scrolls of vulnerability
 n - a scroll of silence
 s - 4 scrolls of identify
 t - a scroll of enchant armour
 x - 7 scrolls of amnesia
 y - a scroll of immolation
 B - 9 scrolls of teleportation
 Q - a scroll of fear
Potions
 q - 2 potions of flight
 z - 5 potions of might
 C - a potion of berserk rage
 F - 9 potions of curing
 P - 2 potions of attraction
 T - 3 potions of ambrosia
Miscellaneous
 j - a lightning rod (4/4)
 J - a condenser vane (inert)
 K - a phantom mirror
 Z - a phial of floods (inert)


   Skills:
 * Level 12.3 Fighting
 - Level 3.2(7.5) Short Blades
 * Level 11.5(11.8) Long Blades
 + Level 11.0 Armour
 + Level 10.0 Dodging
 - Level 1.4 Stealth
 + Level 10.0 Shields
 + Level 13.5 Spellcasting
 * Level 9.4 Conjurations
 - Level 8.0 Hexes
 + Level 4.0 Summonings
 * Level 14.5 Necromancy
 - Level 4.0 Translocations
 * Level 10.5 Transmutations
 - Level 3.0 Earth Magic


You had one spell level left.
You knew the following spells:

 Your Spells              Type           Power      Damage    Failure   Level
a - Slow                  Hex            100%       N/A       1%          1
b - Necrotise             Necr           100%       1d9       0%          1
c - Vampiric Draining     Necr           90%        2d12      1%          3
d - Animate Dead          Necr           90%        N/A       1%          4
e - Dispel Undead         Necr           90%        3d29      1%          4
f - Apportation           Tloc           100%       N/A       1%          1
g - Agony                 Necr           90%        N/A       1%          5
h - Anguish               Hex/Necr       40%        N/A       1%          4
i - Death Channel         Necr           45%        N/A       2%          6
j - Irradiate             Conj/Tmut      38%        3d24      2%          5
k - Sublimation of Blood  Necr           90%        N/A       1%          2
l - Borgnjor's Vile Clut  Necr/Erth      35%        N/A       4%          5
m - Wereblood             Tmut           77%        N/A       1%          2

Your spell library contained the following spells:

 Spells                   Type           Power      Damage    Failure   Level
 Foxfire                  Conj/Fire      100%       2x1d9     1%          1
 Summon Small Mammal      Summ           100%       N/A       1%          1
 Passwall                 Tmut/Erth      52%        N/A       1%          2
 Confusing Touch          Hex            68%        N/A       1%          3
 Portal Projectile        Hex/Tloc       100%       N/A       1%          3
 Summon Guardian Golem    Hex/Summ       60%        N/A       1%          3
 Tukima's Dance           Hex            68%        N/A       1%          3
 Conjure Flame            Conj/Fire      54%        6-21      2%          3
 Call Canine Familiar     Summ           51%        N/A       3%          3
 Gell's Gravitas          Tloc           51%        N/A       3%          3
 Inner Flame              Hex/Fire       51%        N/A       3%          3
 Lesser Beckoning         Tloc           51%        N/A       3%          3
 Teleport Other           Tloc           51%        N/A       3%          3
 Petrify                  Tmut/Erth      63%        N/A       3%          4
 Yara's Violent Unravell  Hex/Tmut       36%        3d15      3%          5
 Ignite Poison            Fire/Tmut/Pois 48%        N/A       4%          3
 Leda's Liquefaction      Hex/Erth       29%        N/A       6%          4
 Ice Form                 Ice/Tmut       57%        N/A       7%          4
 Corpse Rot               Necr/Pois/Air  55%        N/A       9%          4
 Flame Wave               Conj/Fire      54%        2d13      9%          4
 Hailstorm                Conj/Ice       54%        3d12      9%          4
 Sticky Flame             Conj/Fire      54%        2d7       9%          4
 Alistair's Intoxication  Tmut/Pois      38%        N/A       19%         5
 Simulacrum               Ice/Necr       32%        N/A       43%         6
 Borgnjor's Revivificati  Necr           45%        N/A       69%         8
 Infestation              Necr           45%        N/A       69%         8
 Eringya's Noxious Bog    Tmut/Pois      28%        N/A       71%         6
 Haunt                    Necr/Summ      36%        N/A       73%         7
 Dispersal                Tloc           25%        N/A       87%         6
 Necromutation            Tmut/Necr      42%        N/A       93%         8
 Chain Lightning          Conj/Air       27%        3d36      100%        9
 Death's Door             Necr           45%        N/A       100%        9
 Fire Storm               Conj/Fire      27%        8d7       100%        9
 Shatter                  Erth           22%        3d19*     100%        9


Dungeon Overview and Level Annotations

Branches:
Dungeon (14/15) Zot: 566   Temple (0/1) D:6            Lair (5/5) D:10 Zot: 525
  Swamp (0/4) Lair:3        Snake (0/4) Lair:3        Slime (5/5) Lair:5 Zot: 2033
    Orc (2/2) D:9 Zot: 43     Elf (0/3) Orc:2        Vaults (0/5) D:13
  Sewer (visited)           IceCv (visited)

Altars:
Dithmenos
Fedhas
Gozag
Hepliaklqana
Kikubaaqudgha
Okawaru
Qazlal
Ru
Trog
Xom
Zin
Jiyva

Shops:
D:1 :   D:5 (   D:6 !   D:8 ?   D:9 *   D:11 [   Orc:1 *   Orc:2 =[=(


Innate Abilities, Weirdness & Mutations

You passively map a large area around you.
You are easily found by Zot.
You glow in the dark.
You regain HP and MP as you explore.
You sometimes lose your temper in combat.
You are clumsy. (Dex -2)
You are frail. (-10% HP)
Your magical capacity is very low. (-20% MP)
You have hidden genetic potential.
You occasionally lose the ability to read scrolls when taking damage.
You expend magic power (3 MP) to strengthen your wands.


Message History

The enormous slime creature hits you!! The slime creature hits you.
You block the quicksilver ooze's attack.
The quicksilver ooze hits you but does no damage.
Magic courses through your body.
Your lungs strain for air!
The quicksilver ooze hits you. The quicksilver ooze barely misses you.
The slime creature hits you but does no damage.
The slime creature misses you.
The very large slime creature hits you but does no damage.
The enormous slime creature hits you.
The titanic slime creature closely misses you.
A large slime creature splits.
Your body shudders with the violent release of wild energies!
You feel frail.
You feel less contaminated with magical energies.
You cannot cast spells while unable to breathe!
You barely miss the slime creature.
The slime creature is heavily wounded.
Your lungs strain for air!
The quicksilver ooze completely misses you.
The quicksilver ooze hits you but does no damage.
The slime creature hits you but does no damage.
The very large slime creature closely misses you.
The titanic slime creature hits you but does no damage.
The enormous slime creature hits you! The slime creature closely misses you.
The quicksilver ooze hits you.
The quicksilver ooze hits you but does no damage.
You barely miss the quicksilver ooze.
Your lungs strain for air!
The slime creature barely misses you. x2; The quicksilver ooze hits you.
The quicksilver ooze hits you!
You feel your power leaking away. The slime creature hits you.
The slime creature misses you.
You block the very large slime creature's attack.
The enormous slime creature hits you!
* * * LOW HITPOINT WARNING * * *
The titanic slime creature hits you!!!
You feel threatened and lose the ability to read scrolls!
You die...
Kikubaaqudgha rasps: "You have failed me!
Welcome... death!"

#** ###### ## * *
##.###.##.##..##
*##..............## ,,
, ,,
*......JJJ.>....... ,
,,
*,......J@J.........,,
,, *
......JJJ......... ,
,.............#.... ,
, ..#...............
^,, ,
...#.............. ,
#................# ,
*, *
*................. * ,
* * *,
.....#.........., *,
,* * * * ,, * , ,


You could see a titanic slime creature (misshapen), an enormous slime creature
(misshapen), a very large slime creature (misshapen), 4 slime creatures and a
quicksilver ooze.

Vanquished Creatures
  the Royal Jelly (Slime:5)
  8 acid blobs
  5 rockslimes
  10 azure jellies (Slime:5)
  An orc warlord (Orc:2)
  A frost giant (IceCv)
  7 quicksilver oozes
  Azrael (D:13)
  2 great orbs of eyes
  A boulder beetle (D:12)
  5 hydras
  A catoblepas (Lair:4)
  A merfolk avatar (Lair:5)
  3 two-headed ogres
  2 vault guards (D:13)
  3 centaur warriors (D:13)
  Erica (D:11)
  3 death yaks
  3 orc high priests (Orc:2)
  A glowing orange brain (Slime:4)
  Pikel (D:9)
  A wolf spider (Lair:2)
  3 orc knights (Orc:2)
  3 cyclopes
  An ugly thing (D:14)
  5 orc sorcerers
  23 slime creatures
  2 manticores
  2 shining eyes (Slime:5)
  Maurice (D:9)
  4 black mambas
  An ice statue (IceCv)
  16 elephants
  5 cane toads
  3 gargoyles
  4 rime drakes
  3 unseen horrors (D:11)
  3 komodo dragons
  2 polar bears (IceCv)
  4 trolls (D:11)
  2 hornets
  2 dream sheep (Lair:5)
  A snapping turtle (Lair:5)
  8 blink frogs
  2 wyverns
  21 yaks
  A slime creature zombie (Slime:5)
  A vampire (D:12)
  3 wraiths
  A fire elemental (D:13)
  2 basilisks
  2 vampire mosquitoes
  4 steam dragons
  3 wargs
  A hell hound (D:13)
  8 water moccasins
  12 orc warriors
  An elephant zombie (Lair:5)
  A sky beast (D:8)
  2 ice beasts
  10 ogres
  13 wolves
  8 centaurs
  4 phantoms
  6 kobold brigands
  2 bullfrogs
  3 scorpions
  A necrophage (D:6)
  10 wights
  7 killer bees (D:10)
  A howler monkey (D:12)
  5 hounds
  14 orc priests
  A gnoll bouda (D:6)
  19 orc wizards
  6 iguanas
  4 gnolls
  3 orc zombies (Orc:2)
  6 adders
  4 river rats (Sewer)
  A shadow imp (D:5)
  7 white imps
  An ufetubus (D:4)
  5 worms
  2 dart slugs
  46 orcs
  10 endoplasms
  2 giant cockroaches
  8 goblins
  6 hobgoblins
  2 jackals (D:1)
  17 kobolds
  6 quokkas
  7 ball pythons
  5 bats
  2 frilled lizards (D:2)
  14 rats
  A bush (Lair:3)
494 creatures vanquished.

Vanquished Creatures (collateral kills)
  6 acid blobs
  3 rockslimes (Slime:5)
  2 quicksilver oozes
  A great orb of eyes (Lair:2)
  The ghost of Puis the Skirmisher, a journeyman DgIE (Lair:2)
  3 hydras
  A vault guard (D:13)
  A centaur warrior (D:13)
  3 two-headed ogres
  9 death yaks
  A sea snake (Lair:5)
  An oklob plant (D:10)
  A wolf spider (Lair:2)
  2 ugly things
  2 orc sorcerers (Orc:2)
  2 manticores
  13 elephants
  A gargoyle (D:13)
  3 black mambas
  2 cane toads
  2 komodo dragons
  4 rime drakes
  2 polar bears (IceCv)
  A queen bee (shapeshifter) (D:13)
  A troll (Orc:2)
  2 wind drakes (Lair:5)
  22 slime creatures
  19 blink frogs
  5 dream sheep (Lair:5)
  A shadow (D:9)
  20 yaks
  2 fire elementals (D:13)
  A vampire mosquito (D:10)
  A steam dragon (Lair:5)
  3 water moccasins
  A hell hound (D:13)
  3 wolves
  An ogre (Orc:2)
  A centaur (D:13)
  A bullfrog (Lair:2)
  A killer bee (D:10)
  2 jellies (Lair:2)
  3 orc priests
  An iguana (Lair:3)
  2 orc wizards
  4 adders (Lair:1)
  A gnoll (Orc:2)
  6 white imps (Lair:1)
  A worm (D:4)
  A dart slug (D:4)
  10 orcs
  A ball python (D:4)
  2 kobolds
  A butterfly (Lair:1)
187 creatures vanquished.

Vanquished Creatures (others)
  3 acid blob zombies (Slime:5)
  A vault guard (D:13)
  A boulder beetle (D:13)
  A hydra (D:12)
  A death yak (Lair:5)
  An orc knight (Orc:2)
  An ugly thing (D:14)
  An ugly thing zombie (D:13)
  2 cyclopes (D:13)
  A manticore (D:11)
  4 elephants
  6 centaur zombies (D:13)
  2 death yak zombies (IceCv)
  2 rime drakes (IceCv)
  An unseen horror zombie (D:11)
  4 human zombies (D:13)
  A hornet (Lair:1)
  3 polar bears
  2 black mamba zombies
  2 yaks (IceCv)
  A fire elemental (D:13)
  5 slime creature zombies
  A basilisk (Lair:1)
  A warg (Orc:2)
  A naga (Lair:3)
  A hell hound (D:13)
  A hornet zombie (D:8)
  6 orc warriors (Orc:2)
  4 elephant zombies
  2 centaurs (D:13)
  5 wolves
  A vampire mosquito zombie (D:13)
  3 rime drake zombies (IceCv)
  3 hell hound zombies (D:13)
  A water moccasin zombie (Lair:5)
  A warg zombie (Orc:2)
  10 yak zombies
  3 troll zombies
  4 wolf zombies
  A bullfrog zombie (Lair:2)
  A basilisk zombie (D:13)
  2 orc priests (Orc:2)
  2 orc wizards (Orc:2)
  2 killer bee zombies (D:10)
  3 ogre zombies
  An ice beast zombie (D:7)
  A gnoll (D:6)
  An adder (Lair:1)
  3 adder zombies (Lair:1)
  An iguana zombie (D:7)
  2 orcs (Orc:2)
  4 gnoll zombies
  4 kobold zombies
  45 orc zombies
  35 fungi
  148 plants
350 creatures vanquished.

Grand Total: 1031 creatures vanquished

Notes
Turn   | Place    | Note
-------+----------+-------------------------------------------
     0 | D:1      | wingedge the Meteoran Wanderer began the quest for the Orb.
     0 | D:1      | wingedge set off with the following items: a +2 short
                  | sword, a +0 buckler, a scroll of fear, a +0 robe; and the
                  | following spell memorised: Slow; and the following spells
                  | available to memorise: Summon Guardian Golem.
     0 | D:1      | Reached XP level 1. HP: 16/16 MP: 3/3
   120 | D:1      | Reached XP level 2. HP: 18/23 MP: 3/5
   328 | D:1      | Found Bubiuhiargh's Vocational Training.
   423 | D:1      | Reached XP level 3. HP: 29/29 MP: 6/6
   500 | D:1      | Glimpsed the power of Zot.
   550 | D:1      | Glimpsed the power of Zot.
   584 | D:2      | Found a faded altar of an unknown god.
   590 | D:2      | Prayed at the altar of an unknown god.
   590 | D:2      | Became a worshipper of Kikubaaqudgha
   590 | D:2      | Reached * piety under Kikubaaqudgha
   590 | D:2      | Received a gift from Kikubaaqudgha
   593 | D:2      | Learned a level 1 spell: Necrotise
   889 | D:3      | Reached skill level 1 in Necromancy
   889 | D:3      | Reached XP level 4. HP: 14/37 MP: 5/8
  1073 | D:3      | Reached XP level 5. HP: 41/44 MP: 9/9
  1104 | D:3      | Reached skill level 2 in Necromancy
  1111 | D:3      | Reached ** piety under Kikubaaqudgha
  1229 | D:3      | Found a glowing silver altar of Zin.
  1267 | D:3      | Found a bloodstained altar of Trog.
  1541 | D:4      | Noticed a black bear
  1545 | D:4      | Gained mutation: You are weak. (Str -2) [potion of
                  | mutation]
  1545 | D:4      | Gained mutation: Your mind is acute. (Int +4, Str/Dex -1)
                  | [potion of mutation]
  1569 | D:3      | Lost mutation: Your mind is acute. (Int +4, Str/Dex -1)
                  | [potion of mutation]
  1569 | D:3      | Lost mutation: You are weak. (Str -2) [potion of mutation]
  1569 | D:3      | Gained mutation: Your body sometimes deteriorates upon
                  | taking damage. [potion of mutation]
  1569 | D:3      | Gained mutation: Your spells are a little harder to cast,
                  | but a little more powerful. [potion of mutation]
  1689 | D:4      | Reached skill level 1 in Dodging
  1689 | D:4      | Reached skill level 3 in Necromancy
  1689 | D:4      | Reached XP level 6. HP: 35/51 MP: 0/11
  1851 | D:4      | Reached skill level 1 in Armour
  1896 | D:4      | Reached skill level 4 in Necromancy
  1896 | D:4      | Reached XP level 7. HP: 15/57 MP: 10/13
  1909 | D:4      | Learned a level 3 spell: Vampiric Draining
  2094 | D:4      | Found a blossoming altar of Fedhas.
  2248 | D:5      | Entered Level 5 of the Dungeon
  2399 | D:5      | Reached skill level 5 in Necromancy
  2438 | D:5      | Found a glowing drain.
  2444 | D:5      | Reached *** piety under Kikubaaqudgha
  2444 | D:5      | Received a gift from Kikubaaqudgha
  2457 | Sewer    | Entered a sewer
  2463 | Sewer    | Learned a level 4 spell: Animate Dead
  2468 | Sewer    | Learned a level 4 spell: Dispel Undead
  2506 | Sewer    | Reached XP level 8. HP: 52/63 MP: 5/15
  2840 | Sewer    | Glimpsed the power of Zot.
  2872 | Sewer    | Reached skill level 6 in Necromancy
  2876 | Sewer    | Glimpsed the power of Zot.
  2938 | D:5      | Reached skill level 5 in Spellcasting
  2955 | D:5      | Found Yhaf's Antique Weapon Emporium.
  2968 | D:5      | Bought a runed scimitar for 203 gold pieces
  3031 | D:5      | Reached skill level 1 in Long Blades
  3088 | D:5      | Gained mutation: You passively map the area around you.
                  | [Meteoran growth]
  3088 | D:5      | Reached XP level 9. HP: 72/72 MP: 14/18
  3355 | D:5      | Found a shadowy altar of Dithmenos.
  3356 | D:5      | Glimpsed the power of Zot.
  3424 | D:6      | Learned a level 1 spell: Apportation
  3525 | D:6      | Found a stormy altar of Qazlal.
  3597 | D:6      | Found a staircase to the Ecumenical Temple.
  3620 | D:6      | Found Lubbu's Distillery.
  3629 | D:6      | Bought a potion of heal wounds for 60 gold pieces
  3629 | D:6      | Bought a potion of might for 48 gold pieces
  3629 | D:6      | Bought a potion of lignification for 36 gold pieces
  3738 | D:6      | Reached skill level 1 in Translocations
  3822 | D:6      | Reached **** piety under Kikubaaqudgha
  3993 | D:7      | Reached skill level 5 in Fighting
  4273 | D:7      | Reached skill level 7 in Necromancy
  4273 | D:7      | Reached XP level 10. HP: 68/81 MP: 16/21
  4374 | D:7      | Reached skill level 5 in Armour
  4519 | D:7      | Reached skill level 5 in Long Blades
  4544 | D:7      | Glimpsed the power of Zot.
  4594 | D:7      | Glimpsed the power of Zot.
  4657 | D:8      | Identified the +1 chain mail of Birdsong {rCorr}
  4865 | D:9      | Reached skill level 8 in Necromancy
  4926 | D:8      | Found Ofizym's Magic Scroll Shoppe.
  4932 | D:8      | Reached XP level 11. HP: 88/89 MP: 8/24
  5295 | D:9      | Found a hazy altar of Hepliaklqana.
  5298 | D:9      | Found a shimmering altar of Xom.
  5299 | D:9      | Found an iron altar of Okawaru.
  5321 | D:9      | Noticed Maurice
  5331 | D:9      | Killed Maurice
  5392 | D:9      | Found Cilettet's Changing Room.
  5401 | D:9      | Noticed Pikel
  5417 | D:9      | Killed Pikel
  5443 | D:9      | Found a staircase to the Orcish Mines.
  5533 | D:9      | Found an ancient bone altar of Kikubaaqudgha.
  5595 | D:10     | Entered Level 10 of the Dungeon
  5612 | D:10     | Reached ***** piety under Kikubaaqudgha
  5654 | D:10     | Reached skill level 9 in Necromancy
  5734 | D:10     | Found a staircase to the Lair.
  5740 | D:10     | Noticed an oklob plant
  5763 | D:10     | Killed an oklob plant
  5869 | D:10     | Found an opulent altar of Gozag.
  5870 | D:10     | Found a sacrificial altar of Ru.
  6015 | D:10     | Noticed a two-headed ogre
  6038 | D:10     | Killed a two-headed ogre
  6039 | D:10     | Reached XP level 12. HP: 54/100 MP: 1/26
  6054 | D:10     | Reached skill level 1 in Conjurations
  6054 | D:10     | Reached skill level 1 in Transmutations
  6297 | D:11     | Reached skill level 5 in Dodging
  6339 | D:11     | Learned a level 5 spell: Agony
  6391 | D:11     | Noticed a two-headed ogre
  6397 | D:11     | Killed a two-headed ogre
  6453 | D:11     | Reached skill level 10 in Necromancy
  6481 | D:11     | Noticed a two-headed ogre
  6491 | D:11     | Killed a two-headed ogre
  6550 | D:11     | Identified a scroll of acquirement
  6551 | D:11     | Acquired the +1 pair of gloves of Moral Flaws {Will- Regen+
                  | Str+2 Int+7}
  6657 | D:11     | Noticed a two-headed ogre
  6669 | D:11     | Killed a two-headed ogre
  6670 | D:11     | Reached skill level 5 in Shields
  6712 | D:11     | Noticed Erica
  6728 | D:11     | Killed Erica
  6729 | D:11     | Reached XP level 13. HP: 103/108 MP: 27/27
  6746 | D:11     | Found Faph's Armour Shoppe.
  6749 | D:11     | Bought a +2 cloak for 198 gold pieces
  6773 | D:11     | Learned a level 4 spell: Anguish
  6974 | D:12     | Noticed a seven-headed hydra
  6980 | D:12     | Killed a six-headed hydra
  6981 | D:12     | Reached skill level 10 in Spellcasting
  7178 | D:12     | Noticed a boulder beetle
  7181 | D:12     | Found a flickering gateway to a bazaar.
  7187 | Bazaar   | Entered a bazaar
  7201 | Bazaar   | Found Juromeme's Armour Emporium.
  7201 | Bazaar   | Found Regaar's Armour Shoppe.
  7223 | Bazaar   | Found Ynwunler's Antique Weapon Emporium.
  7223 | Bazaar   | Found Liptaa's Armour Shoppe.
  7245 | Bazaar   | Found Kaoblo's Jewellery Emporium.
  7260 | Bazaar   | Found Erphe Zac's Armour Emporium.
  7291 | D:12     | Killed a boulder beetle
  7423 | D:12     | Noticed a two-headed ogre
  7423 | D:12     | Noticed a five-headed hydra
  7434 | D:12     | Killed a two-headed hydra
  7438 | D:12     | Killed a two-headed ogre
  7520 | D:12     | Reached skill level 5 in Hexes
  7598 | D:13     | Found a gate to the Vaults.
  7598 | D:13     | Noticed a centaur warrior
  7598 | D:13     | Noticed a six-headed hydra
  7598 | D:13     | Noticed a vault guard
  7598 | D:13     | Noticed a boulder beetle
  7598 | D:13     | Noticed a vault guard
  7598 | D:13     | Noticed a vault guard
  7598 | D:13     | Noticed a centaur warrior
  7598 | D:13     | Noticed a vault guard
  7604 | D:13     | Killed a boulder beetle
  7608 | D:13     | Killed a vault guard
  7608 | D:13     | Killed a vault guard
  7609 | D:13     | Reached skill level 11 in Necromancy
  7609 | D:13     | Killed a centaur warrior
  7610 | D:13     | Killed a centaur warrior
  7611 | D:13     | Killed a six-headed hydra
  7612 | D:13     | Killed a vault guard
  7614 | D:13     | Killed a vault guard
  7616 | D:13     | Reached XP level 14. HP: 51/118 MP: 3/29
  7662 | D:13     | Noticed Azrael
  7680 | D:13     | Killed Azrael
  7719 | D:13     | Learned a level 6 spell: Death Channel
  8140 | D:14     | Reached skill level 12 in Necromancy
  8143 | D:14     | HP: 5/118 [purple ugly thing (2)]
  8263 | Orc:1    | Entered Level 1 of the Orcish Mines
  8321 | Orc:1    | Reached skill level 10 in Armour
  8491 | Orc:1    | Reached ****** piety under Kikubaaqudgha
  8721 | Orc:2    | Entered Level 2 of the Orcish Mines
  8813 | Orc:2    | Paralysed by an orc sorcerer for 3 turns
  8821 | Orc:2    | Reached skill level 10 in Long Blades
  8831 | Orc:2    | Lost mutation: Your spells are a little harder to cast, but
                  | a little more powerful. [potion of mutation]
  8831 | Orc:2    | Lost mutation: Your body sometimes deteriorates upon taking
                  | damage. [potion of mutation]
  8831 | Orc:2    | Gained mutation: You are partially covered in iridescent
                  | scales. (AC +2) [potion of mutation]
  8831 | Orc:2    | Gained mutation: You have an increased reservoir of magic.
                  | (+10% MP) [potion of mutation]
  8858 | Orc:2    | Noticed an orc warlord
  8890 | Orc:2    | Killed an orc warlord
  8891 | Orc:2    | Reached skill level 10 in Fighting
  9017 | Orc:2    | Reached XP level 15. HP: 99/126 MP: 9/34
  9042 | Orc:2    | Found a staircase to the Elven Halls.
  9285 | Orc:2    | Paralysed by an orc sorcerer for 4 turns
  9290 | Orc:2    | Found Xidduk's Armour Shoppe.
  9290 | Orc:2    | Found Gohy's Jewellery Shop.
  9292 | Orc:2    | Found Lisiul's Antique Weapon Shoppe.
  9292 | Orc:2    | Found Liopros's Jewellery Shop.
  9300 | Orc:2    | Bought a transparent long sword for 280 gold pieces
  9300 | Orc:2    | Identified the +1 long sword of Peril {elec, rPois Will+
                  | rCorr Str-3} (You bought it in a shop on level 2 of the
                  | Orcish Mines)
  9304 | Orc:2    | Bought an amulet of reflection for 390 gold pieces
  9374 | Orc:1    | Glimpsed the power of Zot.
  9409 | D:9      | Received a gift from Kikubaaqudgha
  9438 | Lair:1   | Entered Level 1 of the Lair of Beasts
  9576 | Lair:1   | Found a frozen archway.
  9599 | IceCv    | Entered an ice cave
  9632 | IceCv    | Reached skill level 1 in Summonings
  9717 | IceCv    | Reached skill level 13 in Necromancy
  9736 | IceCv    | Learned a level 5 spell: Borgnjor's Vile Clutch
  9898 | IceCv    | Reached skill level 1 in Earth Magic
  9914 | IceCv    | Noticed a frost giant
  9944 | IceCv    | Killed a frost giant
 10107 | IceCv    | Glimpsed the power of Zot.
 10200 | Lair:1   | Paralysed by a hornet for 1 turns
 10203 | Lair:1   | Reached skill level 5 in Transmutations
 10464 | Lair:1   | Glimpsed the power of Zot.
 10582 | D:9      | Bought a book of Alchemy for 476 gold pieces
 10585 | D:9      | Learned a level 2 spell: Sublimation of Blood
 10609 | Orc:1    | Glimpsed the power of Zot.
 10836 | Lair:2   | Found a runed translucent gate.
 10837 | Lair:2   | Found a runed translucent gate.
 10837 | Lair:2   | Found a runed translucent gate.
 10837 | Lair:2   | Noticed Puis's ghost (journeyman DgIE)
 10852 | Lair:2   | Found a viscous altar of Jiyva.
 10864 | Lair:2   | Killed Puis's ghost
 11024 | Lair:2   | Reached XP level 16. HP: 132/135 MP: 27/36
 11171 | Lair:2   | Glimpsed the power of Zot.
 11231 | Lair:3   | Identified the +1 hat "Diaj" {Fly}
 11449 | Lair:3   | Learned a level 5 spell: Irradiate
 11698 | Lair:3   | Found a staircase to the Snake Pit.
 11725 | Lair:3   | Found a staircase to the Swamp.
 11732 | Lair:3   | Reached skill level 5 in Conjurations
 11776 | Lair:3   | Glimpsed the power of Zot.
 11953 | Lair:4   | You are sucked into a shaft and drop 1 floor!
 11953 | Lair:5   | Entered Level 5 of the Lair of Beasts
 12304 | Lair:5   | Found a viscous altar of Jiyva.
 12304 | Lair:5   | Found a staircase to the Slime Pits.
 12394 | Lair:5   | Reached XP level 17. HP: 144/144 MP: 16/38
 12415 | Lair:5   | Reached skill level 14 in Necromancy
 12444 | Lair:5   | Identified the +6 great sword "Joure" {vorpal, Dex+4}
 12450 | Lair:5   | Reached skill level 10 in Dodging
 12467 | Lair:5   | Identified the +6 scale mail of Azaem {Will+ Str+3 Dex+2}
 12563 | Slime:1  | Entered Level 1 of the Pits of Slime
 12589 | Slime:1  | Noticed a rockslime
 12599 | Slime:1  | Killed a rockslime
 12623 | Slime:1  | Reached skill level 10 in Shields
 12631 | Slime:1  | Learned a level 5 spell: Borgnjor's Vile Clutch
 12659 | Slime:2  | Noticed an acid blob
 12669 | Slime:2  | Killed an acid blob
 12764 | Slime:5  | Entered Level 5 of the Pits of Slime
 12769 | Slime:5  | Noticed an acid blob
 12772 | Slime:5  | Noticed a rockslime
 12773 | Slime:5  | Noticed an azure jelly
 12773 | Slime:5  | Noticed a rockslime
 12774 | Slime:5  | Noticed an acid blob
 12776 | Slime:5  | Noticed the Royal Jelly
 12780 | Slime:5  | Killed an acid blob
 12780 | Slime:5  | Killed an azure jelly
 12781 | Slime:5  | Noticed a rockslime
 12782 | Slime:5  | Killed an acid blob
 12801 | Slime:5  | Noticed an acid blob
 12803 | Slime:5  | Noticed an acid blob
 12804 | Slime:5  | Noticed an acid blob
 12808 | Slime:5  | Noticed a rockslime
 12809 | Slime:5  | Killed an acid blob
 12810 | Slime:5  | Killed a rockslime
 12810 | Slime:5  | Killed an acid blob
 12810 | Slime:5  | Noticed a rockslime
 12812 | Slime:5  | Killed an acid blob
 12814 | Slime:5  | Noticed an acid blob
 12818 | Slime:5  | Killed a rockslime
 12819 | Slime:5  | Killed a rockslime
 12820 | Slime:5  | Killed a rockslime
 12824 | Slime:5  | Noticed an acid blob
 12826 | Slime:5  | Killed an acid blob
 12829 | Slime:4  | Gained mutation: You are clumsy. (Dex -2) [mutagenic glow]
 12830 | Slime:4  | Noticed an acid blob
 12847 | Slime:4  | Killed an acid blob
 12849 | Slime:4  | Lost mutation: You have an increased reservoir of magic.
                  | (+10% MP) [mutagenic glow]
 12884 | Slime:4  | Gained mutation: You sometimes lose your temper in combat.
                  | [mutagenic glow]
 12899 | Slime:4  | Noticed an acid blob
 12906 | Slime:4  | Killed an acid blob
 12907 | Slime:4  | Reached skill level 10 in Transmutations
 12983 | Slime:5  | Gained mutation: You are weak. (Str -2) [a shining eye]
 12990 | Slime:5  | Gained mutation: You are covered in fur. (AC +1) [a shining
                  | eye]
 12992 | Slime:5  | Lost mutation: You are covered in fur. (AC +1) [potion of
                  | mutation]
 12992 | Slime:5  | Lost mutation: You are partially covered in iridescent
                  | scales. (AC +2) [potion of mutation]
 12992 | Slime:5  | Gained mutation: You have hidden genetic defects. [potion
                  | of mutation]
 12992 | Slime:5  | Gained mutation: You have an uncontrollable temper. [potion
                  | of mutation]
 12992 | Slime:5  | Lost mutation: You are clumsy. (Dex -2) [potion of
                  | mutation]
 12993 | Slime:5  | Lost mutation: You are weak. (Str -2) [potion of mutation]
 12993 | Slime:5  | Lost mutation: You have hidden genetic defects. [potion of
                  | mutation]
 12993 | Slime:5  | Lost mutation: You have an uncontrollable temper. [potion
                  | of mutation]
 12993 | Slime:5  | Gained mutation: You occasionally shout uncontrollably at
                  | your foes. [potion of mutation]
 12993 | Slime:5  | Gained mutation: You expend magic power (3 MP) to
                  | strengthen your wands. [potion of mutation]
 12997 | Slime:5  | Gained mutation: Your magical capacity is low. (-10% MP) [a
                  | shining eye]
 13001 | Slime:5  | Gained mutation: You are frail. (-10% HP) [a shining eye]
 13006 | Slime:5  | Gained mutation: You are very frail. (-20% HP) [a shining
                  | eye]
 13082 | Slime:5  | Gained mutation: You passively map a large area around you.
                  | [Meteoran growth]
 13082 | Slime:5  | Reached XP level 18. HP: 118/123 MP: 11/32
 13101 | Slime:5  | Killed an acid blob
 13250 | Slime:5  | Noticed an acid blob
 13250 | Slime:5  | Noticed an acid blob
 13250 | Slime:5  | Noticed an acid blob
 13250 | Slime:5  | Noticed an acid blob
 13259 | Slime:5  | Killed an acid blob
 13260 | Slime:5  | Killed an acid blob
 13260 | Slime:5  | Gained mutation: Your magical capacity is very low. (-20%
                  | MP) [mutagenic glow]
 13261 | Slime:5  | Killed an acid blob
 13262 | Slime:5  | Killed an acid blob
 13267 | Slime:5  | Killed the Royal Jelly
 13274 | Slime:5  | Gained mutation: You are occasionally teleported next to
                  | monsters. [mutagenic glow]
 13284 | Slime:5  | Lost mutation: You occasionally shout uncontrollably at
                  | your foes. [mutagenic glow]
 13303 | Slime:5  | Found the +2 Maxwell's thermic engine {flame, freeze}
 13321 | Slime:5  | Identified the +5 giant club of Mana {flame, Will+}
 13328 | Slime:5  | Lost mutation: You are very frail. (-20% HP) [potion of
                  | mutation]
 13328 | Slime:5  | Lost mutation: You are occasionally teleported next to
                  | monsters. [potion of mutation]
 13328 | Slime:5  | Lost mutation: You are frail. (-10% HP) [potion of
                  | mutation]
 13328 | Slime:5  | Gained mutation: You have hidden genetic potential. [potion
                  | of mutation]
 13328 | Slime:5  | Gained mutation: You are clumsy. (Dex -2) [potion of
                  | mutation]
 13328 | Slime:5  | Gained mutation: You occasionally lose the ability to read
                  | scrolls when taking damage. [potion of mutation]
 13334 | Slime:5  | Found the -2 hat of the Alchemist {rElec rPois rF+ rC+ rN+
                  | Will+ rMut rCorr}
 13350 | Slime:5  | Got Xalanu Luuff's Secrets of Shapes and Contamination
 13370 | Slime:5  | Got the Writings on the Alluring Mountains
 13405 | Slime:5  | Identified the +6 chain mail of Xom's Fury {rC++}
 13410 | Slime:5  | Identified the amulet "Woigg" {Fly Regen+}
 13449 | Slime:5  | Identified the ring of Gontev {rPois rC+ rN+ Will+ SInv}
 13480 | Slime:5  | Got a slimy rune of Zot
 13492 | Slime:5  | Learned a level 2 spell: Wereblood
 13553 | Slime:3  | Gained mutation: You are frail. (-10% HP) [mutagenic glow]
 13555 | Slime:3  | Mangled by a titanic slime creature

Illustrated notes

Levels and vault maps discovered:
D:1:      matt_arrival_spirals, layout_basic, nicolae_shop_vocational
D:2:      layout_rooms, ebering_ecumenical_altar_mist
D:3:      layout_loops_cross, mainiacjoe_overflow_two_lobes,
          kennysheep_generic_room_7
D:4:      layout_cave_pods, old_standard_altar, fedhas_altar_4
D:5:      layout_loops_ring, nicolae_dithmenos_through_a_glass_darkly,
          serial_shops, nicolae_shop_waterfront, portal_sewer_entry_e,
          nrook_mini_vaults
D:6:      layout_loops_cross, lemuel_round_altar,
          minmay_temple_entry_water_ring, serial_shops, nicolae_lakefront_shop
D:7:      layout_gridville, lemuel_old_faithful
D:8:      layout_basic, hangedman_decor_lopped, nicolae_stop_n_shop_1,
          minmay_misc_feat_rows
D:9:      layout_cave_pools, general_overflow_altar, minitemple, orc_0_dummy,
          nicolae_transmutations_shop, minivault_23, uniq_maurice, uniq_pikel
D:10:     layout_cave_pools, nicolae_ru_awakened_eye,
          nicolae_gozag_cash_rules_everything_around_me, dpeg_oklobed_lair,
          minmay_misc_feat_iff, minmay_librarian
D:11:     wad_woods_settlement, layout_irregular_city, serial_shops,
          kennysheep_mini_moat, uniq_erica
D:12:     layout_irregular_city, serial_shops, bzr_entry_safe, dk_noncrumbling_2
D:13:     layout_stronghold, lightli_vaults_fourway_checkpoint, uniq_azrael
D:14:     layout_roguey, minmay_holes, kennysheep_doodads,
          cheibrodos_ashenzari_chains, uniq_roxanne
Lair:1:   minmay_lair_venomous_thicket, layout_layer_cave,
          portal_ice_cave_entry_imps, lemuel_fruit_fields
Lair:2:   layout_regular_city, gammafunk_ghost_ooze,
          nicolae_lair_run_with_the_wolves, grunt_megastairs_5,
          serial_bayou_shore_a, infiniplex_staircase_pool
Lair:3:   layout_layer_cave, minmay_swamp_entry_reptiles,
          guppyfry_snake_entry_garden, serial_bayou_pond_b
Lair:4:   layout_layer_cave
Lair:5:   gammafunk_lair_ancient_temple, layout_regular_city, slime_entry_1
Slime:1:  cheibrodos_slime_lost_civilization_10, layout_caves, basic_altar
Slime:2:  layout_caves
Slime:3:  layout_caves
Slime:4:  layout_caves
Slime:5
Orc:1:    layout_diamond_mine, nicolae_orc_lava_tube
Orc:2:    grunt_orc_tribal_feast, layout_caves, basic_altar,
          guppyfry_library_mini

Skill      XL: |  1  2  3  4  5  6  7  8  9 10 11 12 13 14 15 16 17 18 |
---------------+-------------------------------------------------------+-----
Hexes          | 4 5 7 8 |  8.0
Fighting       | 2 3 4 5 7 8 9 10 11 12 | 12.3
Spellcasting   | 2 3 4 5 6 8 9 10 11 12 13 | 13.5
Necromancy     | 1 3 4 5 6 7 8 9 10 11 12 13 14 | 14.5
Dodging        | 1 2 3 4 5 7 8 9 10 | 10.0
Armour         | 1 2 4 6 7 8 9 10 11 | 11.0
Long Blades    | 1 4 6 7 8 9 10 11 | 11.5
Shields        | 2 3 5 6 7 8 9 10 | 10.0
Translocations | 3 4 |  4.0
Conjurations   | 4 6 9 |  9.4
Transmutations | 4 5 8 10 | 10.5
Summonings     | 3 4 |  4.0
Earth Magic    | 2 3 |  3.0
Short Blades   | |  3.2
Stealth        | |  1.4

Action                   |  1- 3 |  4- 6 |  7- 9 | 10-12 | 13-15 | 16-18 || total
-------------------------+-------+-------+-------+-------+-------+-------++-------
Melee: Short sword       |   115 |    64 |     4 |       |       |       ||   183
       Dagger            |       |    13 |    87 |       |       |       ||   100
       Punch             |       |       |     2 |     2 |       |       ||     4
       Scimitar          |       |       |    71 |   181 |   196 |    31 ||   479
       Long sword        |       |       |       |       |   135 |   120 ||   255
       Double sword      |       |       |       |       |       |     2 ||     2
Throw: Dart              |       |     1 |     3 |     1 |     2 |       ||     7
       Boomerang         |       |       |       |       |       |     3 ||     3
 Cast: Slow              |    23 |    25 |    35 |    47 |    32 |    14 ||   176
       Necrotise         |     6 |    55 |     7 |     4 |     2 |       ||    74
       Vampiric Draining |       |       |    88 |    99 |   145 |   134 ||   466
       Dispel Undead     |       |       |     3 |    12 |     6 |     2 ||    23
       Animate Dead      |       |       |     4 |     7 |    13 |     7 ||    31
       Apportation       |       |       |     1 |    16 |    62 |    18 ||    97
       Agony             |       |       |       |     3 |    24 |    31 ||    58
       Anguish           |       |       |       |       |    57 |    24 ||    81
       Death Channel     |       |       |       |       |    19 |    22 ||    41
       Sublimation of Bl |       |       |       |       |     5 |    30 ||    35
       Borgnjor's Vile C |       |       |       |       |     1 |       ||     1
       Irradiate         |       |       |       |       |       |    58 ||    58
Invok: Torment           |       |       |       |       |     3 |     1 ||     4
       Receive Forbidden |       |       |       |       |     1 |       ||     1
Evoke: Wand              |       |       |       |    14 |    14 |     2 ||    30
       Phial of floods   |       |       |       |       |       |     1 ||     1
       Condenser vane    |       |       |       |       |       |     1 ||     1
  Use: Potion            |       |     7 |     2 |     4 |    15 |    13 ||    41
       Scroll            |       |     5 |     6 |    15 |    15 |    12 ||    53
 Stab: Distracted        |       |       |     1 |     2 |     8 |     3 ||    14
Armor: Robe              |    24 |       |       |       |    31 |    63 ||   118
       Leather armour    |     8 |    44 |    18 |       |       |       ||    70
       Ring mail         |       |       |    53 |   228 |   262 |       ||   543
       Scale mail        |       |       |       |       |       |   175 ||   175
Dodge: Dodged            |    50 |    43 |   126 |   211 |   288 |   199 ||   917
Block: Buckler           |    22 |    11 |       |    11 |   197 |   274 ||   515
       Reflection        |       |       |       |       |       |     3 ||     3

Table legend: (Time is in decaauts)
 A = Elapsed time spent in this place.
 B = Non-inter-level travel time spent in this place.
 C = Inter-level travel time spent in this place.
 D = Time resting spent in this place.
 E = Time spent auto-exploring this place.
 F = Levels seen in this place.
 G = Mean time per level.
                   A        B        C        D        E       F      G
               +--------+--------+--------+--------+--------+-----+--------+
         Total |  13628 |  11841 |   1787 |     25 |    121 |  29 |  469.9 |
       Dungeon |   7833 |   6523 |   1310 |     16 |     38 |  14 |  559.5 |
          Lair |   2474 |   2283 |    191 |      9 |      0 |   5 |  494.8 |
    Slime Pits |    965 |    918 |     47 |      0 |      0 |   5 |  193.0 |
  Orcish Mines |   1156 |    919 |    237 |      0 |      0 |   2 |  578.0 |
        Bazaar |     99 |     99 |      0 |      0 |      0 |   1 |   99.0 |
         Sewer |    585 |    585 |      0 |      0 |     21 |   1 |  585.0 |
      Ice Cave |    512 |    512 |      0 |      0 |     62 |   1 |  512.0 |
               +--------+--------+--------+--------+--------+-----+--------+

Top non-repeatable levels by time:
     D:3: 725 daAuts
     D:5: 696 daAuts
    D:10: 693 daAuts
     D:7: 686 daAuts
     D:4: 667 daAuts
    D:11: 666 daAuts
    D:13: 623 daAuts
   Orc:2: 621 daAuts
  Lair:1: 612 daAuts
  Lair:5: 598 daAuts
  Lair:3: 597 daAuts
    D:12: 589 daAuts
   Sewer: 585 daAuts
 Slime:5: 569 daAuts
     D:1: 566 daAuts
